 Dungeon Crawl Stone Soup version 0.21-a0-51-gea492e9 (webtiles) character file.

8738 Llamajah the Fighter (level 11, -2/93 HPs)
             Began as a Formicid Fighter on June 12, 2017.
             Was a Priest of Okawaru.
             Slain by a yak (5 damage)
             ... on level 8 of the Dungeon.
             The game lasted 00:31:03 (11071 turns).

Llamajah the Fighter (Formicid Fighter)            Turns: 11071, Time: 00:31:06

Health: -2/93      AC: 11    Str: 28    XL:     11   Next: 61%
Magic:  11/11      EV: 13    Int:  9    God:    Okawaru [***...]
Gold:   387        SH: 12    Dex: 10    Spells: 10/10 levels left

rFire    + . .     SeeInvis +   a - +0 war axe
rCold    + . .     Gourm    .   c - +0 shield
rNeg     . . .     Faith    .   b - +0 scale mail
rPois    .         Spirit   .   (helmet unavailable)
rElec    .         Reflect  .   p - +0 cloak (curse)
rCorr    .         Harm     .   (no gloves)
MR       +....                  H - +0 pair of boots
Stlth    ..........             (no amulet)
Regen    0.3/turn               A - ring of protection from fire
MPRegen  0.2/turn               J - ring of protection from cold

@: mighty
A: permanent stasis, dig shafts and tunnels, four strong arms, antennae 3
a: Dig, Shaft Self, Heroism, Renounce Religion


You were on level 8 of the Dungeon.
You worshipped Okawaru.
Okawaru was most pleased with you.
You were not hungry.

You visited 2 branches of the dungeon, and saw 10 of its levels.

You collected 387 gold pieces.

Inventory:

Hand Weapons
 a - a +0 war axe (weapon)
 K - a +1 hand axe of flaming
 M - the +3 sling "Punk" {acid, rCorr}
   (You found it on level 9 of the Dungeon)

   It protects you from acid and corrosion.
Armour
 b - a +0 scale mail (worn)
 c - a +0 shield (worn)
 p - a cursed +0 cloak (worn)
 H - a +0 pair of boots (worn)
Jewellery
 A - a ring of protection from fire (left hand)
 J - a ring of protection from cold (right hand)
Wands
 v - a wand of polymorph (5/24)
 y - a wand of iceblast (9/15)
 F - a wand of random effects (17/48)
 N - a wand of random effects (33/48)
Scrolls
 e - a scroll of teleportation {unknown}
 l - 3 scrolls of amnesia {unknown}
 m - 8 scrolls of identify {unknown}
 o - 5 scrolls of recharging
 u - 4 scrolls of remove curse
 x - 3 scrolls of magic mapping {unknown}
 B - 3 scrolls of immolation {unknown}
 E - a scroll of torment {unknown}
 G - a scroll of noise {unknown}
 I - a scroll of enchant weapon {unknown}
Potions
 d - 2 potions of might
 g - 3 potions of haste {unknown}
 h - 2 potions of curing
 q - a potion of flight {unknown}
 r - 2 potions of heal wounds {unknown}
 s - a potion of brilliance {unknown}
 t - 2 potions of invisibility {unknown}
 w - a potion of lignification {unknown}
 C - a potion of mutation {unknown}
 D - a potion of berserk rage {unknown}
 L - a potion of resistance {unknown}
Books
 z - a book of Transfigurations

   Spells                             Type                      Level
   a - Irradiate                      Conjuration/Transmutation    5
   b - Statue Form                    Transmutation/Earth          6
   c - Hydra Form                     Transmutation                6
   d - Dragon Form                    Transmutation                7
Comestibles
 f - 9 bread rations
 i - 24 fruits
 j - 5 meat rations
 k - 6 royal jellies
 n - a chunk of flesh


   Skills:
 * Level 11.4 Fighting
 + Level 7.3 Axes
 + Level 8.3 Armour
 + Level 6.4 Dodging
 + Level 9.2 Shields


You had 10 spell levels left.
You didn't know any spells.

Dungeon Overview and Level Annotations

Branches:
Dungeon (9/15)             Temple (1/1) D:7            Lair (0/6) D:9
    Orc: D:9-12

Altars:
Cheibriados
Fedhas
Hepliaklqana
Kikubaaqudgha
Makhleb
Nemelex Xobeh
Okawaru
Trog
The Shining One

Shops:
D:8 *   D:9 (


Innate Abilities, Weirdness & Mutations

You cannot be hasted, slowed, berserked, paralysed or teleported.
You can dig through walls and to a lower floor.
Your four strong arms can wield two-handed weapons with a shield.
You have a pair of large antennae on your head. (SInv)


Message History

* * * LOW HITPOINT WARNING * * *
You climb upwards.
The orc shouts!
An orc and an orc wizard come into view.
The orc hits you but does no damage.
There is a stone staircase leading down here.
You hit the yak.
The yak is severely wounded.
You slash the orc!
You kill the orc!
Okawaru accepts your kill. You block the yak's attack.
Your scale mail prevents you from hitting the yak.
The yak is severely wounded.
You closely miss the orc wizard.
The orc wizard points at you and mumbles some strange words.
The magic dart hits you!
* * * LOW HITPOINT WARNING * * *
The yak gores you.
You die...

####...####...†≈......≈≈≈≈....(..
##.......##....≈≈≈≈....≈≈≈...(.≈≈
.........##....≈≈≈.....≈≈).(.....
#.#...........≈≈≈.......≈≈.......
....##...##..............≈.......
#.#.##...##...................)..
....##...##......................
.....'...##.....o.............)).
#...##...##.....@...o.........)..
#...#.....#....Y.†......≈≈.......
......#.#.#.............≈≈.....≈.
........................≈....≈≈≈.
......#.#...............≈........
..........#................).....
.......####......................
.....≈.# #......................
≈≈.....# ##.###.####.#.#..######


You could see a yak, an orc wizard and an orc.

Vanquished Creatures
  A hydra (D:8)
  The ghost of wheedan the Grappler, a novice NaTm of Wu Jian (D:8)
  2 death yaks (D:9)
  Pikel (D:5)
  2 dream sheep (D:8)
  A hippogriff (D:8)
  Sigmund (D:4)
  5 yaks
  3 steam dragons (D:6)
  2 vampire mosquitoes (D:8)
  A porcupine (D:9)
  A phantom (D:7)
  An ice beast (D:6)
  4 slaves (D:5)
  An eye of draining (D:8)
  5 ogres
  6 centaurs
  3 sky beasts
  3 big kobolds (D:8)
  6 bullfrogs
  2 scorpions
  2 howler monkeys (D:9)
  An electric eel (D:8)
  A crimson imp (D:8)
  A bullfrog zombie (D:6)
  A centaur skeleton (D:7)
  2 hounds
  4 jellies
  6 orc wizards
  5 orc priests
  Crazy Yiuf (D:3)
  3 iron imps (D:8)
  Ijyb (D:5)
  An iguana (D:4)
  4 hell rats
  3 worker ants
  A hound zombie (D:9)
  A hound skeleton (D:4)
  3 gnolls (D:7)
  13 adders
  9 river rats
  3 shadow imps
  An ooze (D:3)
  3 adder skeletons
  3 worms
  2 dart slugs
  4 leopard geckos
  17 orcs
  2 ball pythons
  15 giant cockroaches
  5 hobgoblins
  6 jackals
  15 quokkas
  9 bats
  3 frilled lizards
  12 goblins
  6 kobolds
  A quokka skeleton (D:6)
  26 rats
248 creatures vanquished.

Vanquished Creatures (others)
  2 orc wizards (D:6)
2 creatures vanquished.

Grand Total: 250 creatures vanquished

Notes
Turn   | Place    | Note
-------+----------+-------------------------------------------
     0 | D:1      | Llamajah the Formicid Fighter began the quest for the Orb.
     0 | D:1      | Reached XP level 1. HP: 18/18 MP: 1/1
    99 | D:1      | Reached XP level 2. HP: 24/24 MP: 2/2
   326 | D:1      | Reached XP level 3. HP: 26/30 MP: 3/3
   424 | D:1      | Reached skill level 1 in Dodging
   717 | D:2      | Found a snail-covered altar of Cheibriados.
   802 | D:2      | Reached skill level 4 in Fighting
   802 | D:2      | Reached XP level 4. HP: 37/37 MP: 4/4
  1206 | D:2      | Reached XP level 5. HP: 15/42 MP: 5/5
  1762 | D:3      | Reached XP level 6. HP: 26/49 MP: 6/6
  2194 | D:3      | Reached skill level 5 in Fighting
  2809 | D:3      | Found a runed door.
  2814 | D:3      | Noticed Crazy Yiuf
  2823 | D:3      | Killed Crazy Yiuf
  3090 | D:4      | Found a blossoming altar of Fedhas.
  3446 | D:4      | Reached XP level 7. HP: 36/56 MP: 7/7
  3853 | D:4      | Found a hazy altar of Hepliaklqana.
  4422 | D:4      | Noticed Sigmund
  4447 | D:4      | Killed Sigmund
  4447 | D:4      | Reached skill level 6 in Fighting
  4447 | D:4      | Reached skill level 5 in Shields
  4922 | D:5      | Entered Level 5 of the Dungeon
  4929 | D:5      | Reached XP level 8. HP: 15/65 MP: 8/8
  5264 | D:5      | Reached skill level 5 in Armour
  5336 | D:5      | Noticed Ijyb
  5358 | D:5      | Killed Ijyb
  6030 | D:5      | Noticed Pikel
  6175 | D:5      | Found a bloodstained altar of Trog.
  6201 | D:5      | Killed Pikel
  6201 | D:5      | Reached skill level 7 in Fighting
  6626 | D:5      | Reached XP level 9. HP: 60/72 MP: 9/9
  6926 | D:6      | Reached skill level 8 in Fighting
  7223 | D:6      | Reached skill level 5 in Axes
  7286 | D:6      | Found an ancient bone altar of Kikubaaqudgha.
  7792 | D:7      | Found a glowing golden altar of the Shining One.
  7968 | D:7      | Reached skill level 9 in Fighting
  8037 | D:7      | Reached XP level 10. HP: 69/83 MP: 10/10
  8297 | D:7      | Found a staircase to the Ecumenical Temple.
  8302 | Temple   | Entered the Ecumenical Temple
  8327 | Temple   | Became a worshipper of Warmaster Okawaru
  8527 | D:8      | Found a sparkling altar of Nemelex Xobeh.
  8603 | D:8      | Found Mydi Ewk's General Store.
  8618 | D:8      | Noticed wheedan's ghost (novice NaTm)
  8665 | D:8      | Killed wheedan's ghost
  8665 | D:8      | Reached * piety under Okawaru
  8665 | D:8      | Reached skill level 5 in Dodging
  9392 | D:8      | Reached skill level 10 in Fighting
 10040 | D:8      | Found a burning altar of Makhleb.
 10244 | D:8      | Reached ** piety under Okawaru
 10251 | D:8      | Reached XP level 11. HP: 30/92 MP: 11/11
 10528 | D:8      | Noticed a two-headed hydra
 10533 | D:8      | Killed a one-headed hydra
 10593 | D:9      | Found a staircase to the Lair.
 10593 | D:9      | Noticed a death yak
 10593 | D:9      | Noticed a death yak
 10610 | D:8      | Reached skill level 11 in Fighting
 10698 | D:9      | Found Yrovuon's Antique Weapon Shop.
 10808 | D:9      | Reached *** piety under Okawaru
 11015 | D:9      | Noticed a death yak
 11033 | D:9      | Killed a death yak
 11052 | D:9      | Killed a death yak
 11071 | D:8      | HP: 3/93 [orc wizard/magic dart (9)]
 11071 | D:8      | Slain by a yak

Vault maps used:
D:1:      scummos_arrival_forest, minmay_fountain_box, minmay_hexomino_u4
D:2:      minmay_roachtagon, cheibriados_altar_1
D:3:      first_bread, uniq_crazy_yiuf_cottage
D:4:      minmay_door_path, fedhas_altar_1, lemuel_crystal_altar, uniq_sigmund
D:5:      kennysheep_mini_moat, serial_corexii_hall, corexii_hall_statues_u,
          corexii_hall_statues_deadend, corexii_item_surrounded_by_moat,
          minivault_5, uniq_ijyb, uniq_pikel
D:6:      cheibrodos_steamvent, kennysheep_little_box
D:7:      old_standard_altar, temple_statues
D:8:      lemuel_ratsnest, demons_altar, nicolae_overflow_hidden_temple,
          serial_glass, glass_columns_a, glass_columns_a, glass_columns_b,
          glass_columns_a, serial_shops, shop, hangedman_ranch,
          patterned_corridor
D:9:      dpeg_lair_monsters, serial_shops, shop_statue
Temple:   minmay_temple_curvy_branch

Skill      XL: |  1  2  3  4  5  6  7  8  9 10 11 |
---------------+----------------------------------+-----
Dodging        | 1 2 3 4 5 6 |  6.4
Fighting       | 4 5 6 7 9 10 11 | 11.4
Shields        | 4 5 6 7 8 9 |  9.2
Axes           | 3 4 5 6 7 |  7.3
Armour         | 4 5 6 7 8 |  8.3

Action                   |  1- 3 |  4- 6 |  7- 9 | 10-12 || total
-------------------------+-------+-------+-------+-------++-------
Melee: War axe           |   103 |   178 |   392 |   414 ||  1087
       Unarmed           |       |       |    27 |       ||    27
       Hand axe          |       |       |       |    11 ||    11
Invok: Heroism           |       |       |       |     3 ||     3
 Abil: Dig               |       |       |       |     1 ||     1
  Use: Scroll            |       |     2 |       |       ||     2
       Potion            |       |       |       |     6 ||     6
  Eat: Chunk             |       |     9 |    14 |     8 ||    31
       Fruit             |       |       |     1 |     3 ||     4
Armor: Scale mail        |    61 |    71 |   129 |   114 ||   375
Dodge: Dodged            |    47 |    75 |   169 |   172 ||   463
Block: Shield            |    62 |   105 |   218 |   206 ||   591
